 Dungeon Crawl Stone Soup version 0.20.1-1-g8b1a95d (webtiles) character file.

175 Irenicus the Chopper (level 5, 0/45 HPs)
             Began as a Deep Dwarf Gladiator on Nov 5, 2017.
             Slain by a centaur zombie (6 damage)
             ... on level 5 of the Dungeon.
             The game lasted 00:03:32 (610 turns).

Irenicus the Chopper (Deep Dwarf Gladiator)          Turns: 610, Time: 00:03:33

Health: 0/45       AC:  5    Str: 18    XL:     5   Next: 29%
Magic:  5/5        EV: 13    Int:  8    God:
Gold:   66         SH:  0    Dex: 15    Spells: 4/4 levels left

rFire    . . .     SeeInvis .   a - +0 war axe
rCold    . . .     Gourm    .   (no shield)
rNeg     . . .     Faith    .   b - +0 leather armour
rPois    .         Spirit   .   c - +0 helmet
rElec    .         Reflect  .   (no cloak)
rCorr    .         Harm     .   k - +0 pair of gloves
MR       .....                  (no boots)
Stlth    +.........             (no amulet)
Regen    0.0/turn               (no ring)
MPRegen  0.1/turn               (no ring)

@: non-regenerating
A: damage resistance, heal wounds, sense surroundings 1, no regeneration
a: Heal Wounds


You were on level 5 of the Dungeon.
You were not hungry.

You visited 1 branch of the dungeon, and saw 5 of its levels.

You collected 66 gold pieces.

Inventory:

Hand Weapons
 a - a +0 war axe (weapon)
Missiles
 d - 3 throwing nets (quivered)
Armour
 b - a +0 leather armour (worn)
 c - a +0 helmet (worn)
 k - a +0 pair of gloves (worn)
Wands
 m - a wand of clouds (9/9)
Scrolls
 e - a scroll of random uselessness {unknown}
 i - 2 scrolls of identify
Potions
 g - a potion of heal wounds
 l - a potion of curing
Comestibles
 f - 5 bread rations
 n - a royal jelly


   Skills:
 - Level 1.7 Fighting
 + Level 6.6 Axes
 - Level 1.7 Throwing
 - Level 3.2 Dodging


You had 4 spell levels left.
You didn't know any spells.

Dungeon Overview and Level Annotations

Branches:
Dungeon (5/15)
 Temple: D:4-7

Altars:
Elyvilon
Okawaru
Zin
The Shining One


Innate Abilities, Weirdness & Mutations

You are resistant to damage.
You can heal yourself by infusing magical energy.
You passively map a small area around you.
You do not regenerate.


Message History

(D) Dungeon
Where to? (Enter - D:4 @ (x,y), ? - help)
There is a fountain of clear blue water here.
You see here a scroll labeled JEJAAM MUEF.
e - a scroll labeled JEJAAM MUEF
There is a stone staircase leading down here.
You climb downwards.
A jelly comes into view.
Found a runed bone wand.
There is a stone staircase leading up here.
A centaur zombie comes into view.
The centaur zombie hits you.
* * * LOW HITPOINT WARNING * * *
You slash the centaur zombie!
The centaur zombie is moderately damaged.
The centaur zombie closely misses you.
You hit the centaur zombie.
The centaur zombie is moderately damaged.
The centaur zombie hits you!
You die...

* * ..# , , ..#
* #.. , , #.# ,,
* , ,#.#, , *
#.# , # ,, #Z# ,
.# , #@#,,..# ,,
* , #.#,...+ , *
* #.#....## *
#######........
, ,
#../..<........
#J.............
#..............
*#####..........
, #..####.... >


You could see a centaur zombie.

Vanquished Creatures
  The ghost of Irenicus the Chiller, a weakling MfIE (D:3)
  A crimson imp (D:3)
  A hound (D:4)
  A worker ant (D:4)
  3 adders
  An ooze (D:3)
  A leopard gecko (D:3)
  A goblin (D:3)
  2 hobgoblins
  3 frilled lizards
  2 kobolds (D:3)
  4 rats
21 creatures vanquished.

Notes
Turn   | Place    | Note
-------+----------+-------------------------------------------
     0 | D:1      | Irenicus the Deep Dwarf Gladiator began the quest for the Orb.
     0 | D:1      | Reached XP level 1. HP: 19/19 MP: 1/1
    28 | D:2      | Reached skill level 4 in Axes
    28 | D:2      | Reached XP level 2. HP: 13/26 MP: 2/2
   107 | D:3      | Noticed Irenicus's ghost (weakling MfIE)
   152 | D:3      | Killed Irenicus's ghost
   152 | D:3      | Reached skill level 5 in Axes
   152 | D:3      | Reached XP level 3. HP: 14/32 MP: 3/3
   362 | D:3      | Reached XP level 4. HP: 12/39 MP: 4/4
   394 | D:3      | Reached skill level 6 in Axes
   438 | D:4      | Reached XP level 5. HP: 13/45 MP: 5/5
   512 | D:4      | Found an iron altar of Okawaru.
   551 | D:4      | Found a glowing silver altar of Zin.
   551 | D:4      | Found a white marble altar of Elyvilon.
   552 | D:4      | Found a glowing golden altar of the Shining One.
   603 | D:5      | Entered Level 5 of the Dungeon
   610 | D:5      | Slain by a centaur zombie

Skill      XL: |  1  2  3  4 |
---------------+-------------+-----
Axes           | 4 5 6 |  6.6
Fighting       | |  1.7
Throwing       | |  1.7
Dodging        | |  3.2

Action                   |  1- 3 |  4- 6 || total
-------------------------+-------+-------++-------
Melee: War axe           |    63 |    30 ||    93
  Use: Potion            |     4 |       ||     4
       Scroll            |       |     5 ||     5
Armor: Leather armour    |    11 |     7 ||    18
Dodge: Dodged            |    47 |    21 ||    68
